 Dungeon Crawl Stone Soup version 0.18.1-1-g2f07953 (webtiles) character file.

8409 Sixotanaka the Fencer (level 11, -8/75 HPs)
             Began as a Human Fighter on May 19, 2016.
             Was an Elder of Okawaru.
             Mangled by a spiny frog (16 damage)
             ... on level 1 of the Lair of Beasts.
             The game lasted 00:40:44 (15721 turns).

Sixotanaka the Fencer (Human Fighter)              Turns: 15721, Time: 00:40:45

Health: -8/75      AC: 10    Str: 18    XL:     11   Next: 55%
Magic:  14/14      EV: 10    Int: 10    God:    Okawaru [****..]
Gold:   646        SH:  0    Dex: 17    Spells: 1 memorised, 9 levels left

rFire  . . .     SeeInvis +     o - +0 great sword
rCold  . . .     Gourm    .     D - +2 ring mail of the Jolly Orbs {rElec}
rNeg   . . .     Faith    .     (shield currently unavailable)
rPois  .         Spirit   .     (no helmet)
rElec  +         Dismiss  .     (no cloak)
rCorr  .         Reflect  .     p - +0 pair of gloves (curse)
SustAt .         Harm     .     w - +0 pair of boots
MR     .....                    (no amulet)
Stlth  +.........               E - ring of see invisible
                                B - +4 ring of dexterity

@: not resistant to hostile enchantments, very unstealthy
A: no striking features
a: Heroism, Renounce Religion


You were on level 1 of the Lair of Beasts.
You worshipped Okawaru.
Okawaru was greatly pleased with you.
You were not hungry.

You visited 3 branches of the dungeon, and saw 12 of its levels.

You collected 646 gold pieces.


   Skills:
 - Level 3.0 Fighting
 + Level 15.4 Long Blades
 - Level 4.0 Armour
   Level 3.0 Shields
 + Level 4.7 Evocations


You had 9 spell levels left.
You knew the following spells:

 Your Spells              Type           Power        Failure   Level  Hunger
R - Summon Butterflies    Summ           #.......     69%         1    ##.....


Dungeon Overview and Level Annotations

Branches:
Dungeon (9/15)             Temple (1/1) D:6            Lair (2/8) D:9
    Orc: D:9-12

Altars:
Ashenzari
Cheibriados
Dithmenos
Elyvilon
Fedhas
Gozag
Kikubaaqudgha
Makhleb
Nemelex Xobeh
Okawaru
Pakellas
Qazlal
Ru
Sif Muna
Trog
Vehumet
Xom
Yredelemnul
Zin
The Shining One

Shops:
D:7 !

Annotations:
D:7 Guenter's ghost, novice FoFi

Inventory:

Hand Weapons
 o - a +0 great sword (weapon)
 L - a cursed -2 falchion
Missiles
 C - 52 poisoned needles
 I - 5 javelins (quivered)
 M - 5 poisoned tomahawks
 N - 6 javelins of penetration
Armour
 p - a cursed +0 pair of gloves (worn)
 w - a +0 pair of boots (worn)
 D - the +2 ring mail of the Jolly Orbs (worn) {rElec}
   (You found it on level 6 of the Dungeon)

   It insulates you from electricity.
 G - a +0 plate armour
 J - a +1 scale mail of poison resistance
   (You found it on level 8 of the Dungeon)
Jewellery
 q - an uncursed ring of sustain attributes
 v - an uncursed ring of ice
 B - a +4 ring of dexterity (left hand)
 E - a ring of see invisible (right hand)
 O - an uncursed ring of flight
Wands
 d - a wand of digging (9/24)
 g - a wand of random effects (19/48)
 j - a wand of lightning (8/15)
 F - a wand of paralysis (11/24)
Scrolls
 a - 3 scrolls of enchant armour
 b - a scroll of holy word {unknown}
 e - 5 scrolls of teleportation {@r4}
 h - 2 scrolls of fear {unknown}
 i - a scroll of random uselessness {unknown}
 m - a scroll of immolation {unknown}
 n - 2 scrolls of magic mapping
 s - 2 scrolls of blinking
 t - 6 scrolls of remove curse {@r2}
 y - a scroll of noise {unknown}
 z - a scroll of enchant weapon {unknown}
 H - a scroll of fog {unknown}
Potions
 k - 2 potions of curing {@q1}
 l - 2 potions of haste {@q3}
 u - 2 potions of mutation {unknown}
 x - a potion of brilliance {unknown}
 A - a potion of cancellation {unknown}
 K - 2 potions of flight
Comestibles
 f - 4 bread rations
 r - 3 meat rations

#...........#.#..................
#..........####..................
#.#.#.......###....:^............
#............##.....#####......$.
##P##.........#...### ##.......
#####........##...## #...####
.###....)....††....# #.......
..###.........#...## #.......
...##........##.@.# ####.......
....#....>....>.F.#####.##.......
............................##.##
..............(...##.#.#########
.............##.########
#.#####.######### ### ###


You could see a spiny frog.


Message History

You kill the spiny frog!
Okawaru accepts your kill.
You slash the river rat! You closely miss the river rat.
The river rat bites you. The river rat closely misses you.
You completely miss the river rat. The river rat barely misses you.
The river rat bites you but does no damage.
You slash the river rat!
You kill the river rat!
Okawaru accepts your kill.
You hit the river rat. You slash the river rat!
You kill the river rat!
Okawaru accepts your kill.
You hit the river rat. You barely miss the river rat.
The river rat bites you but does no damage.
The river rat barely misses you.
You slash the river rat!
You kill the river rat!
Okawaru accepts your kill.
The river rat bites you but does no damage.
You slash the river rat! The river rat bites you!
You barely miss the river rat. You closely miss the river rat.
The river rat bites you but does no damage.
You closely miss the river rat. The river rat barely misses you.
You barely miss the river rat.
The river rat bites you but does no damage.
You hit the river rat but do no damage. The river rat misses you.
You hit the river rat. The river rat closely misses you.
You hit the river rat but do no damage. The river rat bites you.
You hit the river rat.
You kill the river rat!
Okawaru accepts your kill.
No target in view!
You see here a river rat corpse.
Eat one of 6 chunks of flesh? (ye/n/q/i?)
You continue eating. x2
You start resting.
All of the chunks of flesh in your inventory have rotted away.
A spiny frog comes into view.
The spiny frog gives a loud, deep croak!
You closely miss the spiny frog. The spiny frog closely misses you.
You slash the spiny frog! The spiny frog stings you!
You are poisoned.
The spiny frog poisons you!
You closely miss the spiny frog.
You feel sick.
The spiny frog stings you but does no damage.
You are too injured to fight recklessly!
You barely miss the spiny frog.
You feel sick.
The spiny frog stings you but does no damage.
You slice the spiny frog!!
You feel sick. The spiny frog stings you.
* * * LOW HITPOINT WARNING * * *
You are more poisoned.
The spiny frog poisons you!
You hit the spiny frog but do no damage.
You feel sick. The spiny frog stings you!
* * * LOW HITPOINT WARNING * * *
You are more poisoned.
The spiny frog poisons you!
You hit the spiny frog.
* * * LOW HITPOINT WARNING * * *
You feel very sick.
The spiny frog stings you but does no damage.
Drink which item? (? for menu, Esc to quit)
You feel better. The spiny frog stings you!
* * * LOW HITPOINT WARNING * * *
You barely miss the spiny frog. The spiny frog stings you!
You die...

Action                   |  1- 3 |  4- 6 |  7- 9 | 10-12 || total
-------------------------+-------+-------+-------+-------++-------
Melee: Long sword        |    21 |       |       |       ||    21
       Great sword       |    38 |   186 |   292 |   510 ||  1026
Throw: Javelin           |       |       |       |     1 ||     1
Invok: Heroism           |       |       |     1 |     6 ||     7
Evoke: Wand              |       |       |     1 |       ||     1
  Use: Scroll            |       |     5 |     3 |     4 ||    12
       Potion            |       |       |     2 |    10 ||    12
  Eat: Chunk             |     1 |     7 |     5 |    15 ||    28
       Bread ration      |       |       |     2 |       ||     2
       Beef jerky        |       |       |     1 |     2 ||     3
       Pizza             |       |       |     1 |       ||     1
       Meat ration       |       |       |       |     1 ||     1
       Royal jelly       |       |       |       |     1 ||     1
Armor: Scale mail        |    26 |   107 |    68 |       ||   201
       Ring mail         |       |       |    45 |   208 ||   253
       Plate armour      |       |       |     6 |       ||     6
Dodge: Dodged            |    19 |   100 |   115 |   265 ||   499
Block: Shield            |     7 |       |       |       ||     7

Vault maps used:
D:1:      dpeg_arrival_fog
D:2:      marbit_many_paths, ecumenical_altar_2, xom_teletrap_fun
D:3:      kiku_gazebo_pond_becter, overflow_temple_1_default, first_bread
D:4:      kennysheep_little_box
D:5:      lemuel_coloured_pillars_altar, cheibriados_altar_1,
          portal_sewer_entry_c, uniq_prince_ribbit1
D:6:      led_sif_pool, minitemple, minmay_temple_entry_enclosed_plants,
          uniq_menkaure
D:7:      serial_shops, nicolae_shop_waterfront, uniq_pikel
D:8:      grunt_qazlal_clouds, kennysheep_mini_moat
D:9:      overflow_temple_1_default, erik_lair_orcish_takeover
Temple:   temple_island_7
Lair:2:   grunt_megastairs_1, serial_bayou_shore_a, bh_autumn_forest_stairs,
          uniq_urug

Notes
Turn   | Place    | Note
--------------------------------------------------------------
     0 | D:1      | Sixotanaka the Human Fighter began the quest for the Orb.
     0 | D:1      | Reached XP level 1. HP: 18/18 MP: 1/1
   188 | D:1      | Reached XP level 2. HP: 22/24 MP: 2/2
   548 | D:2      | Reached skill level 3 in Long Blades
   621 | D:2      | Reached XP level 3. HP: 26/29 MP: 3/3
   798 | D:2      | Found a shimmering altar of Xom.
  1092 | D:2      | Reached XP level 4. HP: 35/35 MP: 4/4
  1123 | D:2      | Reached skill level 4 in Long Blades
  1314 | D:2      | Found a faded altar to an unknown god.
  1453 | D:2      | Found a sparkling altar of Nemelex Xobeh.
  1631 | D:3      | Found a basalt altar of Yredelemnul.
  1790 | D:3      | Noticed Guenter's ghost (weakling DEWn)
  1801 | D:3      | Killed Guenter's ghost
  1801 | D:3      | Reached skill level 5 in Long Blades
  1801 | D:3      | Reached XP level 5. HP: 41/41 MP: 5/5
  2516 | D:3      | Reached XP level 6. HP: 32/47 MP: 6/6
  2643 | D:3      | Reached skill level 6 in Long Blades
  2651 | D:3      | Found an ancient bone altar of Kikubaaqudgha.
  3125 | D:4      | Found a bloodstained altar of Trog.
  3507 | D:4      | Reached XP level 7. HP: 47/52 MP: 7/7
  3617 | D:4      | Reached skill level 7 in Long Blades
  4012 | D:5      | Entered Level 5 of the Dungeon
  4026 | D:5      | Found a glowing drain.
  4291 | D:5      | Found a snail-covered altar of Cheibriados.
  4375 | D:5      | Found a glowing golden altar of the Shining One.
  4427 | D:5      | HP: 3/52 [ogre/giant spiked club (25)]
  4577 | D:5      | Reached skill level 8 in Long Blades
  4819 | D:5      | Reached XP level 8. HP: 48/58 MP: 8/8
  4898 | D:5      | Noticed Prince Ribbit
  4911 | D:5      | Killed Prince Ribbit
  4911 | D:5      | Reached skill level 9 in Long Blades
  5252 | D:5      | Reached skill level 10 in Long Blades
  5958 | D:6      | Reached XP level 9. HP: 30/63 MP: 9/9
  6351 | D:6      | Noticed Menkaure
  6567 | D:5      | Reached skill level 11 in Long Blades
  6727 | D:6      | Found a shadowy altar of Dithmenos.
  6728 | D:6      | Found an opulent altar of Gozag.
  6731 | D:6      | Found a blossoming altar of Fedhas.
  6775 | D:6      | Found a deep blue altar of Sif Muna.
  6802 | D:6      | Killed Menkaure
  6803 | D:6      | Found a staircase to the Ecumenical Temple.
  6809 | Temple   | Entered the Ecumenical Temple
  6851 | Temple   | Became a worshipper of Warmaster Okawaru
  7067 | D:6      | Got a smoking ring mail
  7078 | D:6      | Identified the +2 ring mail of the Jolly Orbs {rElec} (You found it on level 6 of the Dungeon)
  7473 | D:7      | Noticed Pikel
  7473 | D:7      | Noticed Guenter's ghost (novice FoFi)
  7474 | D:7      | Sixotanaka: this is a Fun staircase
  7474 | D:7      | zzxc: lol
  7476 | D:6      | zzxc: brutal
  7545 | D:5      | Sixotanaka: not that bad
  7634 | D:6      | zzxc: you may not have had tele or digging
  7651 | D:6      | Sixotanaka: had both
  7880 | D:6      | Killed Pikel
  7880 | D:6      | Reached * piety under Okawaru
  7880 | D:6      | Reached skill level 12 in Long Blades
  8315 | D:6      | Reached XP level 10. HP: 57/70 MP: 8/10
  8423 | D:6      | HP: 15/70 [killer bee (5)]
  8430 | D:6      | HP: 17/70 [killer bee (2)]
  8435 | D:6      | HP: 16/70 [poisoned by a killer bee]
  8440 | D:6      | HP: 10/70 [killer bee (2)]
  8445 | D:6      | HP: 9/70 [poisoned by a killer bee]
  8454 | D:6      | HP: 8/70 [poisoned by a killer bee]
  8460 | D:6      | HP: 8/70 [poisoned by a killer bee]
  8468 | D:6      | HP: 8/70 [poisoned by a killer bee]
  8969 | D:6      | HP: 10/70 [orc warrior/halberd (12)]
  9253 | D:6      | HP: 6/70 [orc warrior/halberd (20)]
  9535 | D:5      | Reached skill level 13 in Long Blades
  9730 | D:6      | HP: 6/70 [orc warrior/halberd (19)]
 10264 | D:7      | Reached skill level 4 in Armour
 10736 | D:7      | Ultraviolent4: its been a while since i last saw you actually playing, sixo :P
 10743 | D:7      | Sixotanaka: been busy lately
 10753 | D:7      | Sixotanaka: and crawl makes me angry
 10767 | D:7      | Sixotanaka: i watch everyone else play and they get the easiest games
 10767 | D:7      | Sixotanaka: then i get like the dumbest situations
 10790 | D:7      | Found Vyecaik's Distillery.
 11338 | D:8      | Sixotanaka: well, d7 that's harder than extended cleared
 11473 | D:8      | Found a shimmering altar of Xom.
 11512 | D:8      | Found a stormy altar of Qazlal.
 12196 | D:9      | Noticed Shasbat's ghost (novice DECj)
 12215 | D:9      | Killed Shasbat's ghost
 12215 | D:9      | Reached ** piety under Okawaru
 12215 | D:9      | Reached skill level 14 in Long Blades
 12350 | D:9      | HP: 9/70 [orc priest/divine providence (10)]
 13220 | D:9      | Found a shattered altar of Ashenzari.
 13252 | D:9      | Reached XP level 11. HP: 61/75 MP: 11/11
 13262 | D:9      | HP: 17/75 [warg (10)]
 13538 | D:9      | Found a staircase to the Lair.
 13594 | Lair:1   | Entered Level 1 of the Lair of Beasts
 13678 | Lair:1   | Noticed a seven-headed hydra
 13743 | Lair:2   | Reached *** piety under Okawaru
 13743 | Lair:2   | Reached skill level 1 in Evocations
 13759 | Lair:2   | Reached skill level 15 in Long Blades
 13959 | Lair:2   | Noticed Urug
 13977 | Lair:2   | HP: 17/75 [Urug/long sword (3)]
 13978 | Lair:2   | Killed Urug
 13978 | Lair:2   | Reached skill level 3 in Evocations
 14289 | Lair:2   | Reached **** piety under Okawaru
 14289 | Lair:2   | Received a gift from Okawaru
 14585 | Lair:2   | Noticed a six-headed hydra
 14750 | Lair:2   | Reached skill level 4 in Evocations
 15543 | Lair:1   | Learned a level 1 spell: Summon Butterflies
 15718 | Lair:1   | HP: 15/75 [spiny frog (14)]
 15721 | Lair:1   | Mangled by a spiny frog

Vanquished Creatures
  Urug (Lair:2)
  The ghost of Shasbat the Destroyer, a novice DECj of Vehumet (D:9)
  Pikel (D:6)
  A spiny frog (Lair:1)
  A rime drake (Lair:2)
  A troll (D:9)
  A polar bear (Lair:2)
  Prince Ribbit (D:5)
  A yak (Lair:1)
  A hungry ghost (D:8)
  3 hippogriffs
  2 wargs
  Menkaure (D:6)
  3 water moccasins (Lair:2)
  2 porcupines (Lair:2)
  4 orc warriors
  3 ice beasts
  A black bear (D:7)
  A sky beast (D:7)
  2 slaves (D:6)
  5 ogres
  3 crocodiles
  4 giant frogs
  7 scorpions
  7 killer bees
  3 howler monkeys
  The ghost of Guenter the Slasher, a weakling DEWn (D:3)
  2 crimson imps
  A giant frog zombie (D:5)
  3 hounds
  3 jellies
  9 orc priests
  13 orc wizards
  5 iguanas
  5 worker ants
  A hound zombie (D:6)
  A hound skeleton (D:5)
  12 adders
  5 gnolls
  10 river rats
  4 shadow imps
  6 oozes
  An adder zombie (D:9)
  An adder skeleton (D:5)
  A worm (D:2)
  3 giant geckos
  48 orcs
  7 giant cockroaches
  8 goblins
  7 hobgoblins
  7 jackals
  5 kobolds
  6 quokkas
  3 ball pythons
  8 bats
  4 giant newts
  2 jackal zombies
  A quokka skeleton (D:4)
  8 rats
262 creatures vanquished.

Vanquished Creatures (others)
  A slave (D:7)
  A hound (D:7)
  An orc wizard (D:7)
  A howler monkey skeleton (D:6)
  5 plants (Lair:2)
9 creatures vanquished.

Grand Total: 271 creatures vanquished
